 Dungeon Sprint DCSS version 0.17-a0-1435-geafbe2f (webtiles) character file.

291 tinkerttoy the Grappler (level 6, -3/66 HPs)
             Began as a Troll Monk on June 27, 2015.
             Was the Champion of Jiyva.
             Slain by a troll (14 damage)
             ... in the Dungeon (Sprint IX: "|||||||||||||||||||||||||||||").
             The game lasted 00:00:56 (109 turns).

tinkerttoy the Grappler (Troll Monk)                 Turns: 109, Time: 00:00:56

Health: -3/66      AC:  5    Str: 24    XL:     6   Next: 10%
Magic:  5/5        EV: 14    Int:  6    God:    Jiyva [******]
Gold:   0          SH:  0    Dex: 13    Spells: 0 memorised, 5 levels left

rFire  . . .     SeeInvis .       - Unarmed
rCold  + . .     Clarity  .     a - +0 robe
rNeg   . . .     SustAt   .     (no shield)
rPois  .         Gourm    +     (helmet restricted)
rElec  .         Spirit   .     (no cloak)
rCorr  +         Warding  .     (gloves unavailable)
rMut   .         NoTele   +     (boots unavailable)
MR     .....                    (no amulet)
Stlth  ++........               m - +2 ring of evasion
                                n - +3 ring of strength

@: not resistant to hostile enchantments, unstealthy
A: unfitting armour, claws 3, cold resistance 1, fast metabolism 3, gourmand,
regeneration 2, shaggy fur 1, tough skin 2, jelly sensing items
a: Request Jelly, Jelly Paralyse, Slimify, Cure Bad Mutation, Renounce Religion


You were in the Dungeon.
You worshipped Jiyva.
Jiyva was exalted by your worship.
You were not hungry.

You visited 1 branch

Inventory:

Armour
 a - a +0 robe (worn)
Jewellery
 m - a +2 ring of evasion (right claw)
 n - a +3 ring of strength (left claw)
Magical devices
 l - a wand of fire (7)
Scrolls
 h - 2 scrolls of blinking
 j - 3 scrolls of remove curse
 k - 2 scrolls of amnesia
Potions
 c - 5 potions of curing
 d - a potion of invisibility
 e - a potion of haste
 f - 4 potions of magic
 g - a potion of berserk rage
 i - 2 potions of heal wounds
Comestibles
 b - 2 bread rations


   Skills:
 + Level 5.6 Fighting
 + Level 5.6 Dodging
 - Level 1.4 Stealth
 * Level 10.2 Unarmed Combat


You had 5 spell levels left.
You didn't know any spells.

Dungeon Overview and Level Annotations

Branches:
Dungeon (1/1)

Altars:
Cheibriados
Dithmenos
Elyvilon
Fedhas
Gozag
Kikubaaqudgha
Makhleb
Nemelex Xobeh
Okawaru
Qazlal
Ru
Sif Muna
Trog
Vehumet
Xom
Yredelemnul
Zin
The Shining One
Beogh
Jiyva
Lugonu


Innate Abilities, Weirdness & Mutations

You are too large for most types of armour.
You have claws for hands.
Your metabolism is lightning-fast.
You like to eat raw meat.
You heal very quickly.
You are covered in fur (AC +1).
You have very tough skin (AC +2).
Your flesh is cold resistant.
You have a small jelly attached to you that senses nearby items.


Message History

Your claw misses the ogre.
The ogre is severely wounded.
You claw the ogre!
You kill the ogre!
Your Unarmed Combat skill increases to level 10!
You have reached level 6!
Your experience leads to an increase in your attributes!
Your base attributes are Str 19, Int 6, Dex 13.
Increase (S)trength, (I)ntelligence, or (D)exterity?
You feel stronger. x2
The troll bites you!
You shudder from the blow and a jelly pops out!
The troll barely misses you. The troll claws you!
There is an open door to the Dungeon, spattered with blood here.
Things that are here:
a giant spiked club; a hound corpse You barely miss the troll.
The troll bites you!
* * * LOW HITPOINT WARNING * * *
The troll barely misses you. The troll claws you!
You die...

∆∆∆∆
▓▓▓▓▓▓▓▓▓▓▓▓▓▓▓▓▓▓▓▓▓▓▓▓
+....KT@JJJ..)...'______
▓▓▓▓▓▓▓▓▓▓▓▓▓▓▓▓▓▓▓▓▓▓▓▓


You could see a troll, a kobold, a neutral jelly (fellow slime), a friendly acid
blob and a friendly death ooze.

Vanquished Creatures
  2 ogres (D)
  2 crimson imps (D)
  A hound (D)
  A gnoll shaman (D)
  A worm (D)
  A bat (D)
  A hobgoblin (D)
  A goblin (D)
  3 kobolds (D)
  A rat (D)
14 creatures vanquished.

Vanquished Creatures (others)
  A spatial maelstrom (D)
1 creature vanquished.

Grand Total: 15 creatures vanquished

Notes
Turn   | Place    | Note
--------------------------------------------------------------
     0 | D        | tinkerttoy the Troll Monk began the quest for the Orb.
     0 | D        | Reached XP level 1. HP: 22/22 MP: 0/0
     6 | D        | Banished a spatial maelstrom
    19 | D        | Noticed an ogre
    19 | D        | Noticed a gnoll shaman
    25 | D        | Killed a gnoll shaman
    25 | D        | Reached skill level 6 in Unarmed Combat
    25 | D        | Reached XP level 2. HP: 9/31 MP: 1/1
    25 | D        | Reached XP level 3. HP: 10/37 MP: 2/2
    35 | D        | Killed an ogre
    35 | D        | Reached skill level 8 in Unarmed Combat
    35 | D        | Reached XP level 4. HP: 45/49 MP: 3/3
    43 | D        | Found a glowing silver altar of Zin.
    43 | D        | Found a glowing golden altar of the Shining One.
    43 | D        | Found an ancient bone altar of Kikubaaqudgha.
    43 | D        | Found a basalt altar of Yredelemnul.
    43 | D        | Found a shimmering altar of Xom.
    43 | D        | Found a radiant altar of Vehumet.
    44 | D        | Found an iron altar of Okawaru.
    45 | D        | Found a burning altar of Makhleb.
    46 | D        | Found a deep blue altar of Sif Muna.
    47 | D        | Found a bloodstained altar of Trog.
    48 | D        | Found a sparkling altar of Nemelex Xobeh.
    49 | D        | Found a white marble altar of Elyvilon.
    50 | D        | Found a roughly hewn altar of Beogh.
    51 | D        | Found a viscous altar of Jiyva.
    52 | D        | Found a corrupted altar of Lugonu.
    53 | D        | Found a blossoming altar of Fedhas.
    54 | D        | Found a snail-covered altar of Cheibriados.
    55 | D        | Found a shadowy altar of Dithmenos.
    56 | D        | Found a stormy altar of Qazlal.
    57 | D        | Found an opulent altar of Gozag.
    58 | D        | Found a sacrificial altar of Ru.
    59 | D        | Became a worshipper of Jiyva Jaogupon the Shapeless
    59 | D        | Acquired Jiyva's first power
    59 | D        | Acquired Jiyva's second power
    83 | D        | Gained mutation: You have a small jelly attached to you that may absorb incoming projectiles. [Jiyva's grace]
    83 | D        | Acquired Jiyva's third power
    83 | D        | Gained mutation: You have a small jelly attached to you that senses nearby items. [Jiyva's grace]
    85 | D        | Acquired Jiyva's fourth power
    85 | D        | Gained mutation: Your flesh is cold resistant. [Jiyva's grace]
    85 | D        | Gained mutation: You are robust (+10% HP). [Jiyva's grace]
    85 | D        | Lost mutation: You are robust (+10% HP). [Jiyva's grace]
    89 | D        | Noticed a troll
    89 | D        | Noticed an ogre
    89 | D        | Noticed a crimson imp
    89 | D        | Noticed a hound
    89 | D        | Noticed a crimson imp
    92 | D        | Lost mutation: You have a small jelly attached to you that may absorb incoming projectiles. [Jiyva's grace]
   100 | D        | Killed a crimson imp
   100 | D        | Reached XP level 5. HP: 55/55 MP: 4/4
   101 | D        | Killed a hound
   101 | D        | Reached skill level 5 in Fighting
   101 | D        | Reached skill level 5 in Dodging
   101 | D        | Reached skill level 9 in Unarmed Combat
   105 | D        | Killed a crimson imp
   107 | D        | Killed an ogre
   107 | D        | Reached skill level 10 in Unarmed Combat
   107 | D        | Reached XP level 6. HP: 48/66 MP: 5/5
   109 | D        | Slain by a troll

Vault maps used:
D:        linesprint

Action                   |  1- 3 |  4- 6 || total
-------------------------+-------+-------++-------
Melee: Unarmed           |    22 |    21 ||    43
  Use: Potion            |     1 |       ||     1
